 Dungeon Crawl Stone Soup version 0.30-a0-358-g0d69a1922f (webtiles) character file.

Game seed: 979807370546451443

9584 Pestilence the Slicer (level 11, -11/85 HPs)
             Began as a Vampire Fighter on Apr 28, 2022.
             Was an Elder of Makhleb.
             Mangled by a cane toad (17 damage)
             ... on level 1 of the Lair of Beasts on Nov 9, 2022.
             The game lasted 00:19:55 (14601 turns).

Pestilence the Slicer (Vampire Fighter)            Turns: 14601, Time: 00:19:55

Health: -11/85     AC: 12    Str: 19    XL:     11   Next: 25%
Magic:  11/11      EV:  5    Int: 11    God:    Makhleb [****..]
Gold:   642        SH:  6    Dex: 14    Spells: 10/10 levels left

rFire   . . .      SeeInvis +    a - +1 rapier
rCold   . . .      Faith    .    c - +2 buckler
rNeg    . . .      Spirit   .    j - +0 plate armour
rPois   +          Reflect  .    (no helmet)
rElec   .          Harm     .    v - scarf {shadows}
rCorr   +          Rampage  .    p - +0 pair of gloves
Will    +....                    (no boots)
Stlth   ..........               (no amulet)
HPRegen 0.54/turn                e - ring of resist corrosion
MPRegen 0.12/turn                o - ring of poison resistance

@: healing quickly
A: alive, fangs 3, see invisible, vampiric 2, frail 1, wild magic 1
a: Exsanguinate, Renounce Religion, Minor Destruction, Lesser Servant of
Makhleb, Major Destruction


You were on level 1 of the Lair of Beasts.
You worshipped Makhleb.
Makhleb was greatly pleased with you.
You visited 3 branches of the dungeon, and saw 12 of its levels.
You also visited: Sewer.

You collected 642 gold pieces.

Inventory:

Hand Weapons
 a - a +1 rapier (weapon)
 n - a +0 broad axe
Missiles
 h - 2 throwing nets (quivered)
Armour
 c - a +2 buckler (worn)
 j - a +0 plate armour (worn)
 p - a +0 pair of gloves (worn)
 v - a scarf of shadows (worn)
Jewellery
 e - a ring of resist corrosion (left hand)
 o - a ring of poison resistance (right hand)
 q - a ring of protection from fire
Wands
 y - a wand of acid (1)
 C - a wand of polymorph (11)
Scrolls
 f - 3 scrolls of identify
 g - a scroll of enchant weapon
 l - 2 scrolls of enchant armour
 m - 2 scrolls of vulnerability
 s - 4 scrolls of fog
Potions
 d - a potion of cancellation
 k - a potion of resistance
 u - a potion of flight
 w - a potion of might
 z - 2 potions of mutation
 A - a potion of curing


   Skills:
 + Level 11.8 Fighting
 + Level 13.7 Short Blades
 - Level 2.4 Armour
 - Level 2.6 Shields


You had 10 spell levels left.
You didn't know any spells.
Your spell library contained the following spells:

 Spells                   Type           Power      Damage    Failure   Level
 Ensorcelled Hibernation  Hex/Ice        0%         N/A       100%        2
 Passwall                 Tmut/Erth      0%         N/A       100%        2
 Call Canine Familiar     Summ           0%         N/A       100%        3
 Dazzling Flash           Conj/Hex       0%         N/A       100%        3
 Portal Projectile        Hex/Tloc       0%         N/A       100%        3
 Swiftness                Air            0%         N/A       100%        3
 Animate Dead             Necr           0%         N/A       100%        4
 Iskenderun's Mystic Bla  Conj/Tloc      0%         2d3       100%        4
 Leda's Liquefaction      Hex/Erth       0%         N/A       100%        4
 Starburst                Conj/Fire      0%         6d3       100%        6
 Haunt                    Necr/Summ      0%         N/A       100%        7
 Infestation              Necr           0%         N/A       100%        8


Dungeon Overview and Level Annotations

Branches:
Dungeon (10/15)            Temple (1/1) D:4            Lair (1/6) D:8
    Orc (0/2) D:9           Sewer (visited)

Altars:
Ashenzari
Cheibriados
Dithmenos
Fedhas
Gozag
Hepliaklqana
Kikubaaqudgha
Makhleb
Nemelex Xobeh
Okawaru
Qazlal
Ru
Sif Muna
Trog
Uskayaw
Vehumet
Wu Jian
Yredelemnul

Annotations:
D:5 3 runed translucent doors, OTABOTABOTAB's ghost, novice VSFi
D:8 1 runed translucent door, IdlyInterested's ghost, novice DsGl
D:9 1 runed translucent door, dracfodder's ghost, novice MiAK
D:10 Urug


Innate Abilities, Weirdness & Mutations

Your natural rate of healing is accelerated.
You have razor-sharp teeth.
You have supernaturally acute eyesight. (SInv)
You are afflicted with vampirism and can become a bat while bloodless.
You are frail. (-10% HP)
Your spells are a little harder to cast, but a little more powerful.


Message History

Your limbs have turned to stone.
The yak gores you but does no damage. x2
You block the cane toad's attack.
You have turned to stone.
You stop ascending the stairs.
The cane toad stings you but does no damage.
The yak gores you but does no damage. x2; The yak gores you!
The cane toad stings you! The yak gores you.
The yak gores you but does no damage. The yak gores you.
The cane toad completely misses you. The yak gores you but does no damage.
The yak gores you! The yak gores you. The basilisk bites you.
The cane toad stings you but does no damage.
The water moccasin bites you but does no damage.
The yak gores you but does no damage. The yak gores you. The yak gores you!
The basilisk bites you but does no damage.
The cane toad stings you!
The water moccasin bites you but does no damage.
The water moccasin bites you.
The yak gores you but does no damage. x3
The cane toad stings you!!
The basilisk bites you but does no damage.
The water moccasin bites you but does no damage.
The cane toad stings you! The yak gores you. The yak gores you!
The yak gores you but does no damage.
The basilisk bites you but does no damage.
The water moccasin bites you but does no damage.
The cane toad stings you! The yak gores you! The yak gores you.
The yak gores you!
* * * LOW HITPOINT WARNING * * *
The basilisk bites you but does no damage.
The water moccasin bites you but does no damage.
You turn to flesh and can move again.
Unknown command.
Unknown command.
Unknown command.
The cane toad barely misses you.
The water moccasin completely misses you.
The yak gores you.
* * * LOW HITPOINT WARNING * * *
You block the yak's attack. x2; The basilisk bites you!
* * * LOW HITPOINT WARNING * * *
The cane toad stings you!
You die...

.........###
....?≈~≈...
...†≈≈≈~..
### ..≈≈≈≈~~~
....#.~≈≈≈≈≈~
)....Fl≈≈≈≈≈~
....YY@≈≈≈≈≈≈
.....YYS≈≈≈≈~
....#.~~≈≈≈~.
... #...~≈≈~.
.. .....≈~..
. .#...#####
.#...#


You could see 4 yaks, a cane toad, a basilisk and a water moccasin.

Vanquished Creatures
  Josephine (D:10)
  A two-headed ogre (D:9)
  Pikel (D:4)
  An oklob plant (D:6)
  Joseph (D:8)
  A troll (D:10)
  A hornet (D:7)
  A shadow (D:10)
  A vampire (D:7)
  4 wraiths
  3 wyverns (D:9)
  8 yaks
  A steam dragon (D:8)
  3 wargs (D:9)
  Edmund (D:4)
  2 water moccasins
  3 orc warriors
  A black bear (D:5)
  An ice beast (D:6)
  4 centaurs
  4 ogres
  A phantom (D:5)
  2 bullfrogs (D:7)
  2 scorpions
  A necrophage (D:6)
  A wyvern zombie (D:7)
  2 gnoll sergeants
  3 wights (D:10)
  14 killer bees
  2 electric eels
  3 howler monkeys
  2 bullfrog zombies (D:7)
  2 centaur zombies (D:7)
  A gnoll bouda (D:8)
  3 orc priests
  A hound (D:5)
  3 jellies
  2 iguanas
  An orc wizard (D:6)
  2 howler monkey zombies (D:7)
  18 gnolls
  7 adders
  2 white imps
  2 dart slugs
  35 orcs
  8 ball pythons
  10 bats
  5 endoplasms
  3 giant cockroaches
  35 goblins
  28 hobgoblins
  2 jackals (D:4)
  4 quokkas
  3 frilled lizards
  9 kobolds
  5 rats
268 creatures vanquished.

Vanquished Creatures (others)
  3 fungi
  8 plants
11 creatures vanquished.

Grand Total: 279 creatures vanquished

Notes
Turn   | Place    | Note
-------+----------+-------------------------------------------
     0 | D:1      | Pestilence the Vampire Fighter began the quest for the Orb.
     0 | D:1      | Reached XP level 1. HP: 17/17 MP: 1/1
   282 | D:1      | Reached XP level 2. HP: 24/24 MP: 2/2
   528 | D:2      | Reached skill level 3 in Short Blades
   528 | D:2      | Gained mutation: You are afflicted with vampirism and can
                  | become a bat while bloodless. [Vampire growth]
   528 | D:2      | Reached XP level 3. HP: 23/29 MP: 3/3
  1177 | D:2      | Reached XP level 4. HP: 17/37 MP: 4/4
  1639 | D:3      | Noticed a centaur
  1648 | D:3      | Killed a centaur
  1649 | D:3      | Reached skill level 4 in Short Blades
  1649 | D:3      | Reached XP level 5. HP: 21/42 MP: 5/5
  2381 | D:4      | Found a staircase to the Ecumenical Temple.
  2434 | Temple   | Entered the Ecumenical Temple
  2616 | Temple   | Became a worshipper of Makhleb the Destroyer
  2748 | D:4      | Noticed a lemure
  2749 | D:4      | Noticed a lemure
  2749 | D:4      | Noticed Pikel
  2749 | D:4      | Noticed a lemure
  2750 | D:4      | Noticed a lemure
  2772 | D:4      | Killed Pikel
  2772 | D:4      | Noticed an ogre
  2773 | D:4      | Reached skill level 5 in Fighting
  2773 | D:4      | Reached skill level 6 in Short Blades
  2773 | D:4      | Reached XP level 6. HP: 45/52 MP: 6/6
  2773 | D:4      | Reached XP level 7. HP: 49/57 MP: 7/7
  2847 | D:4      | Found a large runed translucent door.
  2862 | D:4      | Found a large runed translucent door.
  2946 | D:4      | Noticed Edmund
  2972 | D:4      | Killed Edmund
  2973 | D:4      | Reached skill level 7 in Short Blades
  3343 | D:4      | Found a radiant altar of Vehumet.
  3976 | D:4      | Found an ancient bone altar of Kikubaaqudgha.
  3987 | D:4      | Found an opulent altar of Gozag.
  4026 | D:5      | Entered Level 5 of the Dungeon
  4161 | D:5      | Reached XP level 8. HP: 43/65 MP: 8/8
  4419 | D:5      | Reached * piety under Makhleb
  4732 | D:5      | Found a runed translucent gate.
  4733 | D:5      | Found a runed translucent gate.
  4733 | D:5      | Found a runed translucent gate.
  4733 | D:5      | Noticed OTABOTABOTAB's ghost (novice VSFi)
  4734 | D:5      | Identified the +6 scale mail "Acsagenu" {Int+3}
  4949 | D:5      | Gained mutation: You are weak. (Str -2) [potion of
                  | mutation]
  4949 | D:5      | Gained mutation: You possess an exceptional clarity of
                  | mind. [potion of mutation]
  4950 | D:5      | Lost mutation: You are weak. (Str -2) [potion of mutation]
  4950 | D:5      | Lost mutation: You possess an exceptional clarity of mind.
                  | [potion of mutation]
  4950 | D:5      | Gained mutation: You are frail. (-10% HP) [potion of
                  | mutation]
  4950 | D:5      | Gained mutation: Your spells are a little harder to cast,
                  | but a little more powerful. [potion of mutation]
  4977 | D:5      | Reached skill level 8 in Short Blades
  5333 | D:5      | Reached ** piety under Makhleb
  5636 | D:5      | HP: 3/60 [gnoll/+0 spear (1)]
  6284 | D:6      | Found a glowing drain.
  6302 | Sewer    | Entered a sewer
  6376 | Sewer    | Reached *** piety under Makhleb
  6377 | Sewer    | Reached skill level 9 in Short Blades
  6801 | D:6      | Reached XP level 9. HP: 42/66 MP: 9/9
  7036 | D:6      | Reached skill level 10 in Short Blades
  7215 | D:6      | Found a blossoming altar of Fedhas.
  7242 | D:6      | Noticed an oklob plant
  7270 | D:6      | Killed an oklob plant
  7773 | D:7      | Found a basalt altar of Yredelemnul.
  7873 | D:7      | Found a sparkling altar of Nemelex Xobeh.
  7898 | D:7      | Reached skill level 11 in Short Blades
  8515 | D:7      | Reached XP level 10. HP: 66/76 MP: 10/10
  8680 | D:7      | Found a snail-covered altar of Cheibriados.
  8702 | D:7      | Noticed a smoke demon
  9634 | D:8      | Reached skill level 10 in Fighting
  9935 | D:8      | Found an iron altar of Okawaru.
 10006 | D:8      | Noticed Joseph
 10014 | D:8      | Killed Joseph
 10015 | D:8      | Reached skill level 12 in Short Blades
 10034 | D:8      | Reached **** piety under Makhleb
 10292 | D:8      | Found a staircase to the Lair.
 10954 | D:8      | Found a runed translucent door.
 10955 | D:8      | Noticed IdlyInterested's ghost (novice DsGl)
 10956 | D:8      | Identified the +4 spear "Ewilera" {antimagic, rElec rC-
                  | Str-2 Int+9}
 11160 | D:8      | Identified the +1 robe of Reason {Str+3}
 11836 | D:9      | Found a runed translucent door.
 11837 | D:9      | Noticed dracfodder's ghost (novice MiAK)
 12364 | D:9      | Found a staircase to the Orcish Mines.
 12951 | D:9      | Noticed a two-headed ogre
 12960 | D:9      | Killed a two-headed ogre
 12961 | D:9      | Reached skill level 13 in Short Blades
 13306 | D:10     | Entered Level 10 of the Dungeon
 13324 | D:10     | Reached XP level 11. HP: 50/83 MP: 11/11
 13439 | D:10     | Found a shadowy altar of Dithmenos.
 13721 | D:10     | Noticed Josephine
 13767 | D:9      | Upgraded the game from 0.29-a0-360-g8ed1089bbe to
                  | 0.30-a0-358-g0d69a1922f
 13848 | D:10     | Killed Josephine
 14426 | D:10     | Noticed Urug
 14513 | Lair:1   | Entered Level 1 of the Lair of Beasts
 14601 | Lair:1   | Mangled by a cane toad

Illustrated notes

Levels and vault maps discovered:
D:1:      minmay_arrival_arboretum_small, layout_basic
D:2:      layout_loops_corners, minmay_pentomino_u2
D:3:      layout_loops_cross
D:4:      layout_basic, kennysheep_little_box, jmf_multi_god_temple2,
          minmay_temple_entry_junction, uniq_edmund, uniq_pikel
D:5:      minmay_goblin_kobold_castle, layout_basic, biasface_ghost_orc_armoury
D:6:      layout_loops_ring, tgw_fedhas, portal_sewer_entry_f
D:7:      layout_gridville, mainiacjoe_overflow_concentric_impassable,
          nicolae_yredelemnul_corpse_copse, nemelex_spade_bored_becter
D:8:      layout_layer_cave, mainiacjoe_overflow_surrounded_room,
          lair_entry_dummy, ebering_ghost_funeral_grove, minmay_crystal_water,
          uniq_joseph
D:9:      layout_basic, minmay_orc_entry_guard_dogs, hellmonk_ghost_big_iron,
          kennysheep_nub, chequers_decorated_corner, minmay_misc_feat_x
D:10:     wad_crossroads, layout_rooms, dk_xom_monty_hall,
          nicolae_overflow_hidden_temple, uniq_josephine, uniq_urug
Temple:   minmay_temple_bridge_abc
Lair:1:   layout_regular_city, kennysheep_snail_temple,
          infiniplex_staircase_pool, grunt_megastairs_5

Skill      XL: |  1  2  3  4  5  6  7  8  9 10 |
---------------+-------------------------------+-----
Fighting       | 3 4 5 6 8 9 11 | 11.8
Short Blades   | 3 4 6 7 9 11 13 | 13.7
Armour         | |  2.4
Shields        | |  2.6

Action                   |  1- 3 |  4- 6 |  7- 9 | 10-12 || total
-------------------------+-------+-------+-------+-------++-------
Melee: Rapier            |    88 |   109 |   549 |   504 ||  1250
       Bite              |     8 |    13 |    72 |    65 ||   158
Throw: Throwing net      |       |       |     1 |       ||     1
Invok: Lesser Servant of |       |       |       |     1 ||     1
 Abil: Exsanguinate      |       |       |       |     1 ||     1
       Revivify          |       |       |       |     1 ||     1
Evoke: Wand              |       |       |     9 |    25 ||    34
  Use: Scroll            |     6 |     3 |     5 |     6 ||    20
       Potion            |     1 |     4 |    12 |     4 ||    21
 Stab: Held in net/web   |       |       |     2 |       ||     2
       Paralysed         |       |       |     6 |       ||     6
Armor: Scale mail        |    30 |    40 |   192 |    20 ||   282
       Skin              |       |     2 |     9 |       ||    11
       Plate armour      |       |       |       |   192 ||   192
Dodge: Dodged            |    27 |    32 |   194 |   126 ||   379
Block: Buckler           |    29 |    29 |   172 |   142 ||   372

Table legend: (Time is in decaauts)
 A = Elapsed time spent in this place.
 B = Non-inter-level travel time spent in this place.
 C = Inter-level travel time spent in this place.
 D = Time resting spent in this place.
 E = Time spent auto-exploring this place.
 F = Levels seen in this place.
 G = Mean time per level.
                   A        B        C        D        E       F      G
               +--------+--------+--------+--------+--------+-----+--------+
         Total |  14462 |  13946 |    516 |   3671 |   7742 |  13 | 1112.5 |
       Dungeon |  14128 |  13634 |    494 |   3652 |   7575 |  10 | 1412.8 |
        Temple |    203 |    182 |     21 |      0 |    167 |   1 |  203.0 |
          Lair |     17 |     17 |      0 |      0 |      0 |   1 |   17.0 |
         Sewer |    112 |    112 |      0 |     19 |      0 |   1 |  112.0 |
               +--------+--------+--------+--------+--------+-----+--------+

Top non-repeatable levels by time:
     D:8: 2347 daAuts
     D:5: 2238 daAuts
     D:9: 2178 daAuts
     D:6: 1526 daAuts
     D:4: 1502 daAuts
     D:7: 1433 daAuts
     D:2: 1178 daAuts
     D:3: 703 daAuts
    D:10: 577 daAuts
     D:1: 441 daAuts
  Temple: 203 daAuts
   Sewer: 112 daAuts
  Lair:1: 17 daAuts
